 Dungeon Crawl Stone Soup version 0.31-a0-1-g4198be8af4 (webtiles) character file.

Game seed: 1731578492652063704

93 ytrimaz the Ducker (level 4, -3/31 HPs)
             Began as an Octopode Fighter on May 1, 2023.
             Slain by a gnoll
             ... wielding a +0 halberd
              (11 damage)
             ... on level 3 of the Dungeon.
             The game lasted 00:01:42 (1733 turns).

ytrimaz the Ducker (Octopode Fighter)               Turns: 1733, Time: 00:01:43

Health: -3/31      AC:  1    Str: 15    XL:     4   Next: 61%
Magic:  4/4        EV: 14    Int: 10    God:
Gold:   33         SH:  0    Dex: 13    Spells: 3/3 levels left

rFire   . . .        a - +0 long sword
rCold   + . .        (no shield)
rNeg    . . .        (helmet restricted)
rPois   .            (no amulet)
rElec   .            d - ring of protection from cold
rCorr   .            (no ring)
SInv    .            (no ring)
Will    .....        (no ring)
Stlth   ++           (no ring)
HPRegen 0.25/turn    (no ring)
MPRegen 0.09/turn    (no ring)
                     (no ring)

%: no passive effects
@: no status effects
A: almost no armour, amphibious, 8 rings, camouflage 1, gelatinous body 1,
(nimble swimmer 1), tentacles
a: no special abilities


You were on level 3 of the Dungeon.
You visited 1 branch of the dungeon, and saw 3 of its levels.

You collected 98 gold pieces.
You spent 65 gold pieces at shops.


Innate Abilities, Weirdness & Mutations

You cannot wear most types of armour.
You are amphibious.
You can wear up to eight rings at the same time.
Your skin changes colour to match your surroundings (Stealth+).
Your rubbery body absorbs attacks. (AC +1, EV +1)
((You are camouflaged when in or above water. (Stealth+)))
You have tentacles for arms and can constrict up to eight enemies at once.


   Skills:
 - Level 3.0 Fighting
 + Level 3.5 Long Blades
 + Level 4.2 Dodging
 - Level 3.0 Shields


You had 3 spell levels left.
You didn't know any spells.
Your spell library was empty.

Inventory:

Hand Weapons
 a - a +0 long sword (weapon)
Armour
 b - a +1 buckler
Jewellery
 d - a ring of protection from cold (left tentacle)
   (You found it on level 1 of the Dungeon)
Scrolls
 e - 3 scrolls of vulnerability
 f - a scroll of immolation
 h - a scroll of fear {unknown}
 i - 2 scrolls of amnesia
Potions
 c - a potion of might
 g - 3 potions of heal wounds
 j - a potion of lignification {unknown}
 k - a potion of mutation {unknown}
 l - a potion of curing {unknown}
 m - a potion of brilliance {unknown}
 n - a potion of berserk rage

Dungeon Overview and Level Annotations

Branches:
Dungeon (3/15) Zot: 16248

Altars:

Shops:
D:2 * D:3

( ## ##..... .# ..... .#
#... .# ######..# .#
........# # ># ###
#######.#.##### .# ##.##
#..........
.#####...#########.#########
.#[.......##...†@g.#
...###...###.####### ####
##......# ########


You could see a gnoll.


Message History

😎 HP[+3]
Your hp is fully restored (31).
No target in view!
Unknown command.
No target in view!
An adder comes into view.
An adder is nearby!
An adder is nearby!
An adder is nearby!
You see here a scroll of amnesia.
Unknown command.
The adder barely misses you.
You barely miss the adder. You grab the adder. You constrict the adder.
The adder closely misses you.
You hit the adder. You squeeze the adder.
You kill the adder!
No target in view!
Unknown command.
You see here an adder corpse.
No target in view!
i - a scroll of amnesia You see here a +0 club.
i - 2 scrolls of amnesia (gained 1)
You see here a +0 club.
You open the door.
Found Herinipp's Weapon Boutique.
There is an open door here.
There is an entrance to Herinipp's Weapon Boutique here.
You open the door.
There is an open door here.
Found an escape hatch in the ceiling.
Found a stone staircase leading up.
j - a brown potion;
m - a green potion
Found a stone staircase leading up.
Found a stone staircase leading down.
There is a stone staircase leading down here.
Found a runed scarf.
No target in view!
You see here a scarf of invisibility.
e - 3 scrolls of vulnerability (gained 1) 2 gnolls come into view.
There are monsters nearby!
There are monsters nearby!
There are monsters nearby!
A gnoll comes into view. It is wielding a +0 halberd.
The gnoll misses you.
The gnoll shouts!
An adder comes into view.
The gnoll hits you from afar with a +0 halberd. 😕 HP[-6]
You take 6 damage, and now have 25/31 hp.
The adder attacks as you move away! The adder bites you. 😮 HP[-2]
You take 2 damage, and now have 23/31 hp.
The adder barely misses you. 😕 HP[+1]
The adder attacks as you move away! The adder barely misses you.
You closely miss the adder. You grab the adder. You constrict the adder.
The adder closely misses you.
You barely miss the adder. You constrict the adder. The adder bites you.
You are poisoned.
The adder poisons you! The gnoll closely misses you. The adder bites you.
The gnoll barely misses you. 😮 HP[-4]
You take 4 damage, and now have 20/31 hp.
You slash the adder!
You kill the adder!
You feel sick. The gnoll misses you. 😮 HP[-1]
You take 1 damage, and now have 19/31 hp.
You feel sick. The gnoll closely misses you. x2
You see here an adder corpse. 😮 HP[-1]
You take 1 damage, and now have 18/31 hp.
Unknown command.
You hit the gnoll. You grab the gnoll. You constrict the gnoll.
You feel sick. The gnoll misses you. The gnoll barely misses you. 😮 HP[-1]
You take 1 damage, and now have 17/31 hp.
You hit the gnoll. You constrict the gnoll.
You kill the gnoll!
You feel sick. The gnoll misses you. 😮 HP[-1]
You take 1 damage, and now have 16/31 hp.
Unknown command.
You feel sick.
You are no longer poisoned.
The gnoll barely misses you.
Things that are here:
a +0 halberd; a gnoll corpse; 😨 HP[-1]
You take 1 damage, and now have 15/31 hp.
You slash the gnoll! Your grab misses the gnoll.
The gnoll hits you with a +0 halberd!
* * * LOW HITPOINT WARNING * * *
😨 HP[-7]
You take 7 damage, and now have 8/31 hp.
MASSIVE DAMAGE!! (PAUSE)
You barely miss the gnoll. You grab the gnoll. You constrict the gnoll.
The gnoll barely misses you. The gnoll hits you with a +0 halberd!
You die...

Skill      XL: |  1  2  3 |
---------------+----------+-----
Long Blades    | 3 |  3.5
Dodging        | 4 |  4.2
Fighting       | |  3.0
Shields        | |  3.0

Action                     |  1- 3 |  4- 6 || total
---------------------------+-------+-------++-------
  Melee: Long sword        |    57 |    13 ||    70
         Constrict         |    22 |     5 ||    27
         Tentacles         |    10 |     2 ||    12
    Use: Scroll            |     7 |       ||     7
   Stab: Sleeping          |     3 |     1 ||     4
 Armour: Skin              |     4 |       ||     4
  Dodge: Dodged            |    51 |    21 ||    72

Levels and vault maps discovered:
D:1:      scummos_arrival_simple_fountains, layout_loops_ring
D:2:      layout_loops_ring, serial_shops, nicolae_shop_peninsula
D:3:      layout_loops_ring, serial_shops, nicolae_shop_hallway_plus

Notes
Turn   | Place    | Note
-------+----------+-------------------------------------------
     0 | D:1      | ytrimaz the Octopode Fighter began the quest for the Orb.
     0 | D:1      | Reached XP level 1. HP: 16/16 MP: 1/1
     0 | D:1      | magus.rc [v1.9.6]
   141 | D:1      | Reached XP level 2. HP: 21/21 MP: 2/2
   318 | D:1      | You fall into a shaft and drop 1 floor!
   506 | D:1      | Reached XP level 3. HP: 24/26 MP: 3/3
  1055 | D:2      | Found Gisow's General Store.
  1062 | D:2      | Bought a potion of berserk rage for 65 gold pieces
  1398 | D:3      | Reached skill level 3 in Long Blades
  1511 | D:3      | Reached skill level 4 in Dodging
  1511 | D:3      | Reached XP level 4. HP: 25/31 MP: 4/4
  1648 | D:3      | Found Herinipp's Weapon Boutique.
  1733 | D:3      | Slain by a gnoll

Vanquished Creatures
  A gnoll (D:3)
  4 adders (D:3)
  2 dart slugs
  An endoplasm (D:1)
  4 giant cockroaches
  4 goblins
  4 hobgoblins
  5 jackals
  A quokka (D:1)
  5 ball pythons
  2 bats (D:1)
  5 kobolds
  6 rats
44 creatures vanquished.

Table legend:
 A = Non-vault XP
 B = Vault XP
 C = Vault XP percentage of total XP
 D = Non-vault monster count
 E = Vault monster count
 F = Vault count percentage of total count
                 A         B        C        D         E       F
            +---------+---------+-------+---------+---------+-------
      Total |     133 |       0 |   0.0 |      44 |       0 |   0.0
            +---------+---------+-------+---------+---------+-------
        D:1 |      35 |       0 |   0.0 |      23 |       0 |   0.0
        D:2 |      17 |       0 |   0.0 |       9 |       0 |   0.0
        D:3 |      81 |       0 |   0.0 |      12 |       0 |   0.0
            +---------+---------+-------+---------+---------+-------

Skill      XL: |  1  2  3 |
---------------+----------+-----
Long Blades    | 3 |  3.5
Dodging        | 4 |  4.2
Fighting       | |  3.0
Shields        | |  3.0

Action                     |  1- 3 |  4- 6 || total
---------------------------+-------+-------++-------
  Melee: Long sword        |    57 |    13 ||    70
         Constrict         |    22 |     5 ||    27
         Tentacles         |    10 |     2 ||    12
    Use: Scroll            |     7 |       ||     7
   Stab: Sleeping          |     3 |     1 ||     4
 Armour: Skin              |     4 |       ||     4
  Dodge: Dodged            |    51 |    21 ||    72

Illustrated notes

Table legend:
 A = Kills in this place as a percentage of kills in the entire game.
 B = Kills by you in this place as a percentage of kills by you in the entire game.
 C = Kills by friends in this place as a percentage of kills by friends in the entire game.
 D = Other kills in this place as a percentage of other kills in the entire game.
 E = Experience gained in this place as a percentage of experience gained in the entire game.
 F = Experience gained in this place divided by the number of levels of this place that you have seen.
                   A       B       C       D       E      F
               +-------+-------+-------+-------+-------+----------------------
         Total | 100.0 | 100.0 |   N/A |   N/A | 100.0 |  44.3
       Dungeon | 100.0 | 100.0 |   N/A |   N/A | 100.0 |  44.3
               +-------+-------+-------+-------+-------+----------------------

Table legend: (Time is in decaauts)
 A = Elapsed time spent in this place.
 B = Non-inter-level travel time spent in this place.
 C = Inter-level travel time spent in this place.
 D = Time resting spent in this place.
 E = Time spent auto-exploring this place.
 F = Levels seen in this place.
 G = Mean time per level.
                   A        B        C        D        E       F      G
               +--------+--------+--------+--------+--------+-----+--------+
         Total |   1749 |   1663 |     86 |     42 |   1289 |   3 |  583.0 |
       Dungeon |   1749 |   1663 |     86 |     42 |   1289 |   3 |  583.0 |
               +--------+--------+--------+--------+--------+-----+--------+

Top non-repeatable levels by time:
     D:2: 786 daAuts
     D:1: 620 daAuts
     D:3: 343 daAuts
